 Dungeon Crawl Stone Soup version 0.27-a0-1378-gdefffd1ff6 (webtiles) character file.

Game seed: 4439152102523134064

3262 pokeman the Thaumaturge (level 9, -7/50 HPs)
             Began as a Deep Elf Hedge Wizard on June 29, 2021.
             Was an Initiate of Vehumet.
             Killed by divine providence
             ... invoked by an orc priest
              (12 damage)
             ... on level 9 of the Dungeon.
             The game lasted 00:24:47 (9030 turns).

pokeman the Thaumaturge (Deep Elf Hedge Wizard)     Turns: 9030, Time: 00:24:48

Health: -7/50      AC: 11    Str:  7    XL:     9   Next: 68%
Magic:  12/26      EV: 12    Int: 23    God:    Vehumet [......]
Gold:   250        SH:  0    Dex: 14    Spells: 11/31 levels left

rFire    + . .     SeeInvis .   n - +1 whip (elec)
rCold    x . .     Faith    .   (no shield)
rNeg     . . .     Spirit   .   o - +0 leather armour
rPois    .         Reflect  .   D - +0 helmet
rElec    .         Harm     .   i - +0 cloak
rCorr    .         Rampage  .   G - +0 pair of gloves
Will     .....                  E - +0 pair of boots
Stlth    ++........             b - amulet of regeneration
HPRegen  1.16/turn              m - ring of fire
MPRegen  0.20/turn              q - +4 ring of protection

@: very slightly contaminated
A: no striking features
a: Renounce Religion


You were on level 9 of the Dungeon.
You worshipped Vehumet.
Vehumet was noncommittal.
You visited 2 branches of the dungeon, and saw 9 of its levels.
You also visited: Sewer.

You collected 330 gold pieces.
You spent 80 gold pieces at shops.

Inventory:

Hand Weapons
 n - a +1 whip of electrocution (weapon)
Missiles
 f - 143 arrows
 j - 13 bolts
 F - a throwing net
Armour
 d - a +0 buckler
 i - a +0 cloak (worn)
 o - a +0 leather armour (worn)
 D - a +0 helmet (worn)
 E - a +0 pair of boots (worn)
 G - a +0 pair of gloves (worn)
Jewellery
 b - an amulet of regeneration (around neck)
 m - a ring of fire (left hand)
 q - a +4 ring of protection (right hand)
 A - a ring of positive energy
Wands
 s - a wand of paralysis (10)
Scrolls
 e - a scroll of summoning {unknown}
 g - a scroll of immolation
 k - 2 scrolls of teleportation
 v - 3 scrolls of magic mapping
 w - 2 scrolls of blinking {unknown}
 x - 4 scrolls of fear {unknown}
 y - 2 scrolls of fog {unknown}
 z - a scroll of amnesia {unknown}
 B - 4 scrolls of identify {unknown}
 H - 2 scrolls of enchant armour {unknown}
Potions
 a - 4 potions of might {unknown}
 c - a potion of lignification {unknown}
 h - a potion of degeneration {unknown}
 l - 9 potions of curing
 p - 4 potions of heal wounds
 r - 3 potions of ambrosia {unknown}
 t - a potion of magic {unknown}
 u - 2 potions of haste {unknown}
 C - a potion of flight {unknown}


   Skills:
 - Level 3.0 Fighting
 - Level 3.0 Armour
 - Level 3.0 Dodging
 - Level 3.2 Stealth
 + Level 1.8 Shields
 * Level 11.9 Spellcasting
 + Level 6.7 Conjurations
 - Level 1.1 Summonings
 - Level 1.1 Translocations
 + Level 5.4 Fire Magic
 - Level 1.3 Air Magic
 - Level 1.1 Poison Magic
 - Level 1.0 Evocations


You had 11 spell levels left.
You knew the following spells:

 Your Spells              Type           Power      Damage    Failure   Level
a - Magic Dart            Conj           100%       1d8       1%          1
b - Mephitic Cloud        Conj/Pois/Air  27%        N/A       6%          3
c - Call Imp              Summ           18%        N/A       6%          2
d - Blink                 Tloc           N/A        N/A       6%          2
e - Conjure Flame         Conj/Fire      58%        6-21      1%          3
f - Shock                 Conj/Air       100%       1d9       1%          1
g - Lightning Bolt        Conj/Air       16%        1d30      36%         5
h - Swiftness             Air            19%        N/A       12%         3

Your spell library contained the following spells:

 Spells                   Type           Power      Damage    Failure   Level
 Static Discharge         Conj/Air       32%        N/A       1%          2
 Summon Small Mammal      Summ           72%        N/A       4%          1
 Freeze                   Ice            52%        1d7       7%          1
 Slow                     Hex            13%        N/A       11%         2
 Call Canine Familiar     Summ           18%        N/A       13%         3
 Summon Guardian Golem    Hex/Summ       16%        N/A       16%         3
 Hailstorm                Conj/Ice       29%        3d8       17%         4
 Frozen Ramparts          Ice            26%        1d4       21%         3
 Ozocubu's Armour         Ice            13%        N/A       21%         3
 Airstrike                Air            9%         N/A       36%         4
 Summon Lightning Spire   Summ/Air       19%        N/A       38%         4
 Summon Ice Beast         Ice/Summ       16%        N/A       47%         4
 Metabolic Englaciation   Hex/Ice        6%         N/A       88%         5


Dungeon Overview and Level Annotations

Branches:
Dungeon (7/15)             Temple (1/1) D:6           Sewer (visited)

Altars:
Ashenzari
Cheibriados
Elyvilon
Fedhas
Hepliaklqana
Kikubaaqudgha
Makhleb
Okawaru
Qazlal
Ru
Trog
Uskayaw
Vehumet
Wu Jian
Yredelemnul
The Shining One

Shops:
D:3 !

Annotations:
D:7 4 runed translucent doors


Message History

Unknown command.
An orc wizard comes into view. It is wielding a +0 dagger.
The orc priest shouts!
The two-headed ogre is engulfed in noxious fumes.
The two-headed ogre appears confused.
The gnoll sergeant closely misses you.
The orc priest calls down the wrath of Beogh upon you.
Beogh smites you! The gnoll hits you but does no damage.
Unknown command.
Casting: Blink (safe; 6% risk of failure)
Confirm with . or Enter, or press ? or * to list all spells.
You blink.
The orc priest hits you with a +0 morningstar.
Unknown command.
Casting: Blink (safe; 6% risk of failure)
Confirm with . or Enter, or press ? or * to list all spells.
You blink.
The orc warrior hits you but does no damage.
A wyvern comes into view.
Unknown command.
The orc priest invokes the aid of Beogh against you.
Beogh smites you!
* * * LOW HITPOINT WARNING * * *
The orc priest looks encouraged for a moment.
Casting: Blink (safe; 6% risk of failure)
Confirm with . or Enter, or press ? or * to list all spells.
Aiming: Mephitic Cloud (dangerous; 6% risk of failure)
Press: ? - help, Shift-Dir - straight line, f - orc priest
Aim: an orc priest, wielding a +0 morningstar and wearing a +0 ring mail (chance to affect: 86%)
You miscast Mephitic Cloud.
You are very lightly contaminated with residual magic.
Nothing appears to happen.
The orc priest miscasts a cantrip.
The orc warrior hits you with a +0 mace.
* * * LOW HITPOINT WARNING * * *
Casting: Mephitic Cloud (dangerous; 6% risk of failure)
Confirm with . or Enter, or press ? or * to list all spells.
You blink.
The orc priest mumbles some strange prayers to Beogh against you.
Beogh smites you!
You die...

#.................
#.................
.##......g..........
..........#g.........
...#...ogg.###.......
# #...o..o# .......
#######...oo..#
.......
.............#l.#
....
.......@....##.##
#.>............#
#........#.###.#
#..........# .l
...........
.#..######.. ##. ...
# ....


You could see an orc warrior, a gnoll sergeant, an orc priest, an orc wizard, 3
gnolls and 2 orcs.

Vanquished Creatures
  The ghost of indyram44 the Chopper, an amateur HOAK of Lugonu (D:3)
  Edmund (D:6)
  4 water moccasins
  3 ice beasts
  A hornet zombie (D:7)
  A necrophage (D:7)
  2 ogres
  The ghost of RBrandon the Chopper, an amateur DsCK of Xom (D:3)
  A phantom (D:4)
  3 bullfrogs
  A gnoll sergeant (D:5)
  3 scorpions (D:5)
  3 water moccasin zombies
  3 killer bees (D:6)
  The ghost of atabob the Conjurer, a weakling DrCj (D:3)
  A bullfrog zombie (D:6)
  A hound (D:4)
  A centaur zombie (D:6)
  6 orc priests
  A gnoll shaman (D:5)
  2 jellies
  A centaur skeleton (D:7)
  Jessica (D:2)
  3 iguanas
  Natasha (thrice) (D:3)
  4 orc wizards (D:7)
  A hound zombie (D:5)
  A hound skeleton (D:5)
  12 gnolls
  16 adders
  A howler monkey skeleton (D:4)
  4 river rats (Sewer)
  An ufetubus (D:7)
  A worm (D:3)
  3 dart slugs
  9 orcs
  11 bats
  2 endoplasms
  4 giant cockroaches
  11 hobgoblins
  2 jackals (D:4)
  6 kobolds
  4 quokkas
  10 ball pythons
  11 frilled lizards
  8 goblins
  26 rats
197 creatures vanquished.

Vanquished Creatures (collateral kills)
  A bullfrog zombie (D:5)
  A centaur zombie (D:5)
  A hound (D:6)
  An adder (D:4)
  A frilled lizard (Sewer)
5 creatures vanquished.

Vanquished Creatures (others)
  3 withered plants (D:5)
3 creatures vanquished.

Grand Total: 205 creatures vanquished

Notes
Turn   | Place    | Note
-------+----------+-------------------------------------------
     0 | D:1      | pokeman the Deep Elf Hedge Wizard began the quest for the
                  | Orb.
     0 | D:1      | Reached XP level 1. HP: 10/10 MP: 7/7
   242 | D:1      | Reached XP level 2. HP: 13/16 MP: 1/9
   648 | D:1      | Reached skill level 5 in Spellcasting
   831 | D:1      | Found a faded altar of an unknown god.
   897 | D:1      | Reached XP level 3. HP: 20/20 MP: 8/11
   901 | D:1      | Learned a level 3 spell: Mephitic Cloud
   904 | D:1      | Learned a level 2 spell: Call Imp
   907 | D:1      | Learned a level 2 spell: Blink
   911 | D:1      | Learned a level 3 spell: Conjure Flame
  1418 | D:2      | Noticed Jessica
  1431 | D:2      | Killed Jessica
  1432 | D:2      | Reached skill level 1 in Fighting
  1432 | D:2      | Reached skill level 1 in Armour
  1507 | D:2      | Reached XP level 4. HP: 23/25 MP: 5/13
  1744 | D:2      | Found an ancient bone altar of Kikubaaqudgha.
  2434 | D:3      | Found a broken altar of Ashenzari.
  2438 | D:3      | Noticed Natasha
  2450 | D:3      | Killed Natasha
  2612 | D:3      | Noticed Natasha
  2621 | D:3      | Killed Natasha
  2622 | D:3      | Reached skill level 6 in Spellcasting
  2622 | D:3      | Reached XP level 5. HP: 28/29 MP: 8/15
  2832 | D:3      | Noticed a water moccasin
  2849 | D:3      | Killed a water moccasin
  2850 | D:3      | Reached skill level 1 in Shields
  2850 | D:3      | Reached skill level 1 in Fire Magic
  2971 | D:3      | Found Asuga's Distillery.
  2986 | D:3      | Bought a potion of curing for 30 gold pieces
  2986 | D:3      | Bought a potion of heal wounds for 50 gold pieces
  2999 | D:3      | Noticed Natasha
  3058 | D:3      | Reached XP level 6. HP: 34/34 MP: 15/17
  3080 | D:3      | Killed Natasha
  3612 | D:3      | Found a runed translucent gate.
  3612 | D:3      | Found a runed translucent gate.
  3612 | D:3      | Found a runed translucent gate.
  3612 | D:3      | Noticed RBrandon's ghost (amateur DsCK)
  3614 | D:3      | Noticed indyram44's ghost (amateur HOAK)
  3614 | D:3      | Noticed atabob's ghost (weakling DrCj)
  3766 | D:3      | Killed indyram44's ghost
  3767 | D:3      | Reached skill level 7 in Spellcasting
  3767 | D:3      | Reached skill level 1 in Air Magic
  3983 | D:3      | Killed RBrandon's ghost
  4154 | D:3      | Killed atabob's ghost
  4331 | D:4      | Reached skill level 1 in Poison Magic
  4337 | D:4      | Found a glowing drain.
  4348 | Sewer    | Entered a sewer
  4474 | Sewer    | Reached XP level 7. HP: 38/38 MP: 14/20
  4927 | Sewer    | Reached skill level 1 in Evocations
  5051 | Sewer    | Reached skill level 8 in Spellcasting
  5183 | D:4      | Learned a level 1 spell: Shock
  5189 | D:4      | Learned a level 5 spell: Lightning Bolt
  5193 | D:4      | Learned a level 3 spell: Swiftness
  5465 | D:4      | Reached XP level 8. HP: 45/45 MP: 10/22
  5543 | D:4      | Reached skill level 9 in Spellcasting
  6065 | D:5      | Entered Level 5 of the Dungeon
  6202 | D:5      | Reached skill level 5 in Conjurations
  6666 | D:5      | Reached skill level 10 in Spellcasting
  6866 | D:5      | Found a stormy altar of Qazlal.
  7217 | D:6      | Noticed Edmund
  7234 | D:6      | Killed Edmund
  7348 | D:6      | Reached XP level 9. HP: 48/50 MP: 17/25
  7459 | D:6      | Found a staircase to the Ecumenical Temple.
  7465 | Temple   | Entered the Ecumenical Temple
  7791 | D:6      | Reached skill level 11 in Spellcasting
  8346 | D:7      | Found a burning altar of Makhleb.
  8378 | D:7      | Found a large runed translucent door.
  8378 | D:7      | Found a large runed translucent door.
  8398 | D:7      | Noticed a white ugly thing
  8407 | D:7      | Found a large runed translucent door.
  8407 | D:7      | Found a large runed translucent door.
  8421 | D:7      | Reached skill level 5 in Fire Magic
  8593 | D:7      | Found an iron altar of Okawaru.
  8774 | D:7      | Found a radiant altar of Vehumet.
  8782 | D:7      | Became a worshipper of Vehumet
  8825 | D:7      | Found a blossoming altar of Fedhas.
  9008 | D:7      | You fall into a shaft and drop 2 floors!
  9011 | D:9      | Noticed a two-headed ogre
  9030 | D:9      | Killed from afar by an orc priest

Illustrated notes

Levels and vault maps discovered:
D:1:      dpeg_arrival_morbid_curiosity, layout_rooms,
          hellmonk_ecumenical_altar_blasted
D:2:      layout_basic, basic_altar, minmay_misc_feat_columns, minivault_14,
          uniq_jessica
D:3:      layout_basic, nicolae_overflow_crystal_walls, serial_shops, shop,
          gammafunk_ghost_cemetery, serial_park_tiny_pond,
          roderic_serpentine_path, uniq_natasha
D:4:      minmay_angry_zag, layout_basic, portal_sewer_entry_d,
          chequers_ossuary_entry_cave
D:5:      layout_loops_ring, kennysheep_mini, serial_undead, serial_undead_f,
          serial_undead_c, serial_undead_c, serial_undead_e
D:6:      layout_basic, minmay_temple_entry_fiery, uniq_edmund
D:7:      layout_loops_ring, nicolae_vehumet_radiance, marbit_many_paths,
          lemuel_doored_altar, amcnicky_altar_gilded, small_statue_intersection,
          chequers_arboretum, minmay_hollow_rounded_squares
D:9:      minmay_evil_eye, layout_rooms, grunt_temple_overflow_open,
          hangedman_abyss_or_decor_passed
Temple:   kb_temple_of_zot

Skill      XL: |  1  2  3  4  5  6  7  8  9 |
---------------+----------------------------+-----
Spellcasting   | 5 6 7 8 10 11 | 11.9
Fighting       | 1 2 3 |  3.0
Armour         | 1 2 3 |  3.0
Conjurations   | 2 3 4 5 6 |  6.7
Dodging        | 3 |  3.0
Shields        | 1 |  1.8
Fire Magic     | 1 2 4 5 |  5.4
Stealth        | 3 |  3.2
Air Magic      | 1 |  1.3
Poison Magic   | 1 |  1.1
Evocations     | 1 |  1.0
Summonings     | |  1.1
Translocations | |  1.1

Action                   |  1- 3 |  4- 6 |  7- 9 || total
-------------------------+-------+-------+-------++-------
Melee: Hand axe          |    16 |    19 |    24 ||    59
       Whip              |       |       |    65 ||    65
 Cast: Magic Dart        |    89 |   128 |    93 ||   310
       Mephitic Cloud    |       |     5 |    24 ||    29
       Blink             |       |     3 |     5 ||     8
       Call Imp          |       |     9 |     6 ||    15
       Conjure Flame     |       |     7 |    20 ||    27
       Shock             |       |       |   169 ||   169
  Use: Scroll            |       |     2 |       ||     2
 Stab: Confused          |       |       |    12 ||    12
Armor: Robe              |     4 |       |       ||     4
       Leather armour    |       |    11 |    69 ||    80
Dodge: Dodged            |    24 |    25 |    92 ||   141

Table legend: (Time is in decaauts)
 A = Elapsed time spent in this place.
 B = Non-inter-level travel time spent in this place.
 C = Inter-level travel time spent in this place.
 D = Time resting spent in this place.
 E = Time spent auto-exploring this place.
 F = Levels seen in this place.
 G = Mean time per level.
                   A        B        C        D        E       F      G
               +--------+--------+--------+--------+--------+-----+--------+
         Total |   9098 |   8893 |    205 |    378 |   6826 |  10 |  909.8 |
       Dungeon |   8178 |   7981 |    197 |    378 |   6070 |   8 | 1022.2 |
        Temple |     97 |     89 |      8 |      0 |     88 |   1 |   97.0 |
         Sewer |    822 |    822 |      0 |      0 |    668 |   1 |  822.0 |
               +--------+--------+--------+--------+--------+-----+--------+

Top non-repeatable levels by time:
     D:3: 1967 daAuts
     D:1: 1246 daAuts
     D:2: 1108 daAuts
     D:5: 1082 daAuts
     D:4: 985 daAuts
     D:6: 907 daAuts
     D:7: 860 daAuts
   Sewer: 822 daAuts
  Temple: 97 daAuts
     D:9: 21 daAuts
